| TOP OF THE 1ST |
|
Houston Colt .45's batting - Pitching for Calgary Flames : RHP Bruce Boivin
|
|
Pitching: RHP Bruce Boivin
|
|
|
Batting: RHB Tim Williams
|
0-0: Ball 1-0: Foul Ball, location: 2F 1-1: Ball 2-1: Called Strike 2-2: Ball 3-2: Strikes out swinging
|
|
Batting: RHB Arnold Schuler
|
0-0: Reached on error, E3 (Groundball, 34S, EV 83.1 MPH)
|
|
Batting: LHB Bert Middleton
|
0-0: Foul Ball, location: 2F 0-1: Foul Ball, location: 2F 0-2: Ball 1-2: Ball 2-2: Strikes out looking
|
|
Batting: LHB Vecdi Hodensack
|
0-0: Ball 1-0: 2-RUN HOME RUN (Flyball, 7D, EV 106.9 MPH), Distance : 408 ft
|
|
Batting: LHB Ryan Fridley
|
0-0: Ball 1-0: Ground out 4-3 (Groundball, 4M, EV 104.4 MPH)
|
| Top of the 1st over - 2 runs, 1 hit, 1 error, 0 left on base; Houston 2 - Calgary 0 |
| BOTTOM OF THE 1ST |
|
Calgary Flames batting - Pitching for Houston Colt .45's : LHP Jorge Ortiz
|
|
Pitching: LHP Jorge Ortiz
|
|
|
Batting: LHB Garrett Dodge
|
0-0: Ground out 4-3 (Groundball, 34, EV 105.0 MPH)
|
|
Batting: RHB Andre Thompson
|
0-0: Called Strike 0-1: Ball 1-1: Ball 2-1: Ball 3-1: Base on Balls
|
|
Batting: RHB Norinaga Yamakawakamatsu
|
0-0: Called Strike 0-1: Foul Ball, location: 2F 0-2: Hit by Pitch Andre Thompson to second
|
|
Batting: RHB Willie Torres
|
0-0: Ball 1-0: Swinging Strike 1-1: Called Strike 1-2: Strikes out swinging
|
|
Batting: LHB Gary Corrales
|
0-0: Swinging Strike 0-1: Called Strike 0-2: Ball 1-2: Ball 2-2: Strikes out swinging
|
| Bottom of the 1st over - 0 runs, 0 hits, 0 errors, 2 left on base; Houston 2 - Calgary 0 |
| TOP OF THE 2ND |
|
Houston Colt .45's batting - Pitching for Calgary Flames : RHP Bruce Boivin
|
|
Batting: RHB Jamie Walker
|
0-0: Called Strike 0-1: Called Strike 0-2: Ball 1-2: Ball 2-2: Strikes out looking
|
|
Batting: RHB Fernando Acosta
|
0-0: Ball 1-0: Ball 2-0: Ground out 3-1 (Groundball, 34, EV 83.1 MPH)
|
|
Batting: RHB Kenny Beall
|
0-0: Called Strike 0-1: Swinging Strike 0-2: Ball 1-2: Strikes out looking
|
| Top of the 2nd over - 0 runs, 0 hits, 0 errors, 0 left on base; Houston 2 - Calgary 0 |
| BOTTOM OF THE 2ND |
|
Calgary Flames batting - Pitching for Houston Colt .45's : LHP Jorge Ortiz
|
|
Batting: LHB Ben Landry
|
0-0: Foul Ball, location: 2F 0-1: Ball 1-1: Foul Ball, location: 2F 1-2: Foul Ball, location: 2F 1-2: Strikes out swinging
|
|
Batting: RHB Chad Stady
|
0-0: Ball 1-0: Called Strike 1-1: Foul Ball, location: 2F 1-2: Strikes out swinging
|
|
Batting: RHB Tyler Johnson
|
0-0: Called Strike 0-1: Swinging Strike 0-2: Strikes out swinging
|
| Bottom of the 2nd over - 0 runs, 0 hits, 0 errors, 0 left on base; Houston 2 - Calgary 0 |
| TOP OF THE 3RD |
|
Houston Colt .45's batting - Pitching for Calgary Flames : RHP Bruce Boivin
|
|
Batting: LHB Casper Significant
|
0-0: Swinging Strike 0-1: Swinging Strike 0-2: Strikes out looking
|
|
Batting: RHB Tim Williams
|
0-0: Foul Ball, location: 2F 0-1: Called Strike 0-2: Ball 1-2: Fly out, F8 (Flyball, 8LXD, EV 91.2 MPH)
|
|
Batting: RHB Arnold Schuler
|
0-0: Called Strike 0-1: Ground out 6-3 (Groundball, 6, EV 83.8 MPH)
|
| Top of the 3rd over - 0 runs, 0 hits, 0 errors, 0 left on base; Houston 2 - Calgary 0 |
| BOTTOM OF THE 3RD |
|
Calgary Flames batting - Pitching for Houston Colt .45's : LHP Jorge Ortiz
|
|
Batting: RHB Pablo Henriquez
|
0-0: Swinging Strike 0-1: Foul Ball, location: 2F 0-2: Strikes out swinging
|
|
Batting: LHB Garrett Dodge
|
0-0: Ball 1-0: Swinging Strike 1-1: Called Strike 1-2: Ball 2-2: Strikes out looking
|
|
Batting: RHB Andre Thompson
|
0-0: Ball 1-0: Ball 2-0: SINGLE (Line Drive, 9LS, EV 95.6 MPH)
|
|
Batting: RHB Norinaga Yamakawakamatsu
|
0-0: Ball 1-0: Foul Ball, location: 2F 1-1: Ball 2-1: Swinging Strike 2-2: Ball 3-2: Strikes out swinging
|
| Bottom of the 3rd over - 0 runs, 1 hit, 0 errors, 1 left on base; Houston 2 - Calgary 0 |
| TOP OF THE 4TH |
|
Houston Colt .45's batting - Pitching for Calgary Flames : RHP Bruce Boivin
|
|
Batting: LHB Bert Middleton
|
0-0: Fly out, F7 (Flyball, 7, EV 74.4 MPH)
|
|
Batting: LHB Vecdi Hodensack
|
0-0: Ball 1-0: Ball 2-0: Ground out U3 (Groundball, 34, EV 78.8 MPH)
|
|
Batting: LHB Ryan Fridley
|
0-0: Ball 1-0: Ball 2-0: Called Strike 2-1: Called Strike 2-2: DOUBLE (Flyball, 78D, EV 106.2 MPH)
|
|
Batting: RHB Jamie Walker
|
0-0: Ball 1-0: Foul Ball, location: 2F 1-1: Swinging Strike 1-2: Foul Ball, location: 2F 1-2: Ball 2-2: DOUBLE (Flyball, 8LXD, EV 93.8 MPH) Ryan Fridley scores
|
|
Batting: RHB Fernando Acosta
|
0-0: Foul Ball, location: 2F 0-1: Ball 1-1: Swinging Strike 1-2: Ball 2-2: Strikes out swinging
|
| Top of the 4th over - 1 run, 2 hits, 0 errors, 1 left on base; Houston 3 - Calgary 0 |
| BOTTOM OF THE 4TH |
|
Calgary Flames batting - Pitching for Houston Colt .45's : LHP Jorge Ortiz
|
|
Batting: RHB Willie Torres
|
0-0: Ball 1-0: Ball 2-0: Ground out 5-3 (Groundball, 56S, EV 84.4 MPH)
|
|
Batting: LHB Gary Corrales
|
0-0: Called Strike 0-1: Ball 1-1: Called Strike 1-2: Strikes out swinging
|
|
Batting: LHB Ben Landry
|
0-0: Ball 1-0: Swinging Strike 1-1: Foul Ball, location: 2F 1-2: DOUBLE (Line Drive, 89XD, EV 98.8 MPH)
|
|
Batting: RHB Chad Stady
|
0-0: Swinging Strike 0-1: Ball 1-1: Ball 2-1: Ball 3-1: Base on Balls
|
|
Batting: RHB Tyler Johnson
|
0-0: Called Strike 0-1: Foul Ball, location: 2F 0-2: Ball 1-2: Ball 2-2: Ball 3-2: Foul Ball, location: 2F 3-2: Ground out 6-3 (Groundball, 6, EV 101.9 MPH)
|
| Bottom of the 4th over - 0 runs, 1 hit, 0 errors, 2 left on base; Houston 3 - Calgary 0 |
| TOP OF THE 5TH |
|
Houston Colt .45's batting - Pitching for Calgary Flames : RHP Bruce Boivin
|
|
Batting: RHB Kenny Beall
|
0-0: Ball 1-0: Ball 2-0: Ground out U3 (Groundball, 34, EV 81.2 MPH)
|
|
Batting: LHB Casper Significant
|
0-0: Called Strike 0-1: Ball 1-1: Swinging Strike 1-2: Strikes out swinging
|
|
Batting: RHB Tim Williams
|
0-0: Ball 1-0: Called Strike 1-1: Foul Ball, location: 2F 1-2: Ball 2-2: SINGLE (Line Drive, 9S, EV 98.1 MPH)
|
|
Batting: RHB Arnold Schuler
|
0-0: Ball 1-0: Ball 2-0: Ball 3-0: Called Strike 3-1: Base on Balls Tim Williams to second
|
|
Batting: LHB Bert Middleton
|
0-0: Ball 1-0: Called Strike 1-1: Swinging Strike 1-2: Ball 2-2: Foul Ball, location: 2F 2-2: Ball 3-2: Strikes out swinging
|
| Top of the 5th over - 0 runs, 1 hit, 0 errors, 2 left on base; Houston 3 - Calgary 0 |
| BOTTOM OF THE 5TH |
|
Calgary Flames batting - Pitching for Houston Colt .45's : LHP Jorge Ortiz
|
|
Batting: RHB Pablo Henriquez
|
0-0: Swinging Strike 0-1: Ball 1-1: Swinging Strike 1-2: Foul Ball, location: 2F 1-2: Strikes out swinging
|
|
Batting: LHB Garrett Dodge
|
0-0: Ball 1-0: Ball 2-0: Swinging Strike 2-1: Swinging Strike 2-2: Strikes out swinging
|
|
Batting: RHB Andre Thompson
|
0-0: Ball 1-0: Called Strike 1-1: Ball 2-1: Called Strike 2-2: Ball 3-2: Strikes out swinging
|
| Bottom of the 5th over - 0 runs, 0 hits, 0 errors, 0 left on base; Houston 3 - Calgary 0 |
| TOP OF THE 6TH |
|
Houston Colt .45's batting - Pitching for Calgary Flames : RHP Bruce Boivin
|
|
Pitching: RHP Dennis Seebacher
|
|
|
Batting: LHB Vecdi Hodensack
|
0-0: Swinging Strike 0-1: Ball 1-1: Called Strike 1-2: Ground out 4-3 (Groundball, 4, EV 79.4 MPH)
|
|
Batting: LHB Ryan Fridley
|
0-0: Ball 1-0: Fly out, F8 (Flyball, 8RS, EV 96.2 MPH)
|
|
Batting: RHB Jamie Walker
|
0-0: Ball 1-0: Foul Ball, location: 2F 1-1: Called Strike 1-2: Strikes out swinging
|
| Top of the 6th over - 0 runs, 0 hits, 0 errors, 0 left on base; Houston 3 - Calgary 0 |
| BOTTOM OF THE 6TH |
|
Calgary Flames batting - Pitching for Houston Colt .45's : LHP Jorge Ortiz
|
|
Pitching: LHP Frank Vazquez
|
|
|
Batting: RHB Norinaga Yamakawakamatsu
|
0-0: Ball 1-0: Ball 2-0: Foul Ball, location: 2F 2-1: Foul Ball, location: 2F 2-2: Strikes out swinging
|
|
Batting: RHB Willie Torres
|
0-0: Called Strike 0-1: Foul Ball, location: 2F 0-2: Strikes out swinging
|
|
Batting: LHB Gary Corrales
|
0-0: Called Strike 0-1: Ball 1-1: Fly out, F8 (Flyball, 78M, EV 83.1 MPH)
|
| Bottom of the 6th over - 0 runs, 0 hits, 0 errors, 0 left on base; Houston 3 - Calgary 0 |
| TOP OF THE 7TH |
|
Houston Colt .45's batting - Pitching for Calgary Flames : RHP Dennis Seebacher
|
|
Batting: RHB Fernando Acosta
|
0-0: Foul Ball, location: 2F 0-1: Ball 1-1: Called Strike 1-2: Strikes out swinging
|
|
Batting: RHB Kenny Beall
|
0-0: Called Strike 0-1: Called Strike 0-2: Foul Ball, location: 2F 0-2: Fly out, F8 (Flyball, 8LS, EV 91.9 MPH)
|
|
Pitching: RHP Scott Howarth
|
|
|
Batting: LHB Casper Significant
|
0-0: Called Strike 0-1: Swinging Strike 0-2: Ball 1-2: Strikes out swinging
|
| Top of the 7th over - 0 runs, 0 hits, 0 errors, 0 left on base; Houston 3 - Calgary 0 |
| BOTTOM OF THE 7TH |
|
Calgary Flames batting - Pitching for Houston Colt .45's : LHP Frank Vazquez
|
|
Batting: LHB Ben Landry
|
0-0: Called Strike 0-1: Called Strike 0-2: Ball 1-2: Strikes out swinging
|
|
Batting: RHB Chad Stady
|
0-0: Called Strike 0-1: Ball 1-1: Foul Ball, location: 2F 1-2: Strikes out swinging
|
|
Batting: RHB Tyler Johnson
|
0-0: Ball 1-0: Ball 2-0: Foul Ball, location: 2F 2-1: Ground out 5-3 (Groundball, 56, EV 91.9 MPH)
|
| Bottom of the 7th over - 0 runs, 0 hits, 0 errors, 0 left on base; Houston 3 - Calgary 0 |
| TOP OF THE 8TH |
|
Houston Colt .45's batting - Pitching for Calgary Flames : RHP Scott Howarth
|
|
Pinch Hitting: RHB Patrick Pinault
|
0-0: Foul Ball, location: 2F 0-1: Foul Ball, location: 2F 0-2: Foul Ball, location: 2F 0-2: Strikes out swinging
|
|
Batting: RHB Arnold Schuler
|
0-0: Ball 1-0: Fly out, F8 (Flyball, 78M, EV 83.1 MPH)
|
|
Batting: LHB Bert Middleton
|
0-0: Called Strike 0-1: Ball 1-1: Called Strike 1-2: Ball 2-2: Ball 3-2: Base on Balls
|
|
Batting: LHB Vecdi Hodensack
|
0-0: Ball 1-0: Ball 2-0: Called Strike 2-1: Ball 3-1: Foul Ball, location: 2F 3-2: Strikes out looking
|
| Top of the 8th over - 0 runs, 0 hits, 0 errors, 1 left on base; Houston 3 - Calgary 0 |
| BOTTOM OF THE 8TH |
|
Calgary Flames batting - Pitching for Houston Colt .45's : LHP Frank Vazquez
|
|
Now at 2B: Jarno van Lente
|
|
|
Batting: RHB Pablo Henriquez
|
0-0: Called Strike 0-1: Ball 1-1: Called Strike 1-2: Ground out 6-3 (Groundball, 6, EV 88.1 MPH)
|
|
Pinch Hitting: RHB Alejandro Patron
|
0-0: Ball 1-0: Swinging Strike 1-1: Foul Ball, location: 2F 1-2: Ball 2-2: Strikes out swinging
|
|
Batting: RHB Andre Thompson
|
0-0: Called Strike 0-1: Foul Ball, location: 2F 0-2: Ball 1-2: Ball 2-2: Ball 3-2: Foul Ball, location: 2F 3-2: Strikes out swinging
|
| Bottom of the 8th over - 0 runs, 0 hits, 0 errors, 0 left on base; Houston 3 - Calgary 0 |
| TOP OF THE 9TH |
|
Houston Colt .45's batting - Pitching for Calgary Flames : RHP Scott Howarth
|
|
Pitching: RHP Phil Rankin
|
|
|
Now in RF: Antonio Martinez
|
|
|
Batting: LHB Ryan Fridley
|
0-0: Ground out 4-3 (Groundball, 4, EV 88.1 MPH)
|
|
Pinch Hitting: RHB Jesus Diego
|
0-0: Called Strike 0-1: Called Strike 0-2: Strikes out swinging, 2-3 out at first.
|
|
Batting: RHB Fernando Acosta
|
0-0: Ball 1-0: SOLO HOME RUN (Flyball, 7D, EV 105.0 MPH), Distance : 400 ft
|
|
Batting: RHB Kenny Beall
|
0-0: Swinging Strike 0-1: Called Strike 0-2: Ball 1-2: Ball 2-2: Foul Ball, location: 2F 2-2: Strikes out swinging
|
| Top of the 9th over - 1 run, 1 hit, 0 errors, 0 left on base; Houston 4 - Calgary 0 |
| BOTTOM OF THE 9TH |
|
Calgary Flames batting - Pitching for Houston Colt .45's : LHP Frank Vazquez
|
|
Now in RF: Gong Tow
|
|
|
Batting: RHB Norinaga Yamakawakamatsu
|
0-0: Ball 1-0: Ground out 4-3 (Groundball, 4M, EV 86.9 MPH)
|
|
Batting: RHB Willie Torres
|
0-0: Ball 1-0: SINGLE (Groundball, 6MD, EV 101.9 MPH)
|
|
Pitching: LHP Jordan Garcia
|
|
|
Pinch Hitting: RHB Ahmed Elezi
|
0-0: Foul Ball, location: 2F 0-1: Foul Ball, location: 2F 0-2: Ball 1-2: Ball 2-2: Foul Ball, location: 2F 2-2: Ball 3-2: Grounds into double play, 6-4-3 (Groundball, 6S, EV 85.0 MPH)
|
| Bottom of the 9th over - 0 runs, 1 hit, 0 errors, 0 left on base; Houston 4 - Calgary 0 |
|